cohdb
Replays
Latest Replays
All Replays
Popular Replays
Top Player Replays
Match Explorer
How It Works
Community
CoH3 Stats
Reddit
Sign in to upload your games and track your stats! →
Sign in with Steam
Match 44883119
Unlisted
Match 44883119
Overview
Messages
Build Orders
End
Selects Special Operations Battlegroup
Selects Special Operations Battlegroup
Selects M29 Weasel Recon Vehicle
M29 Weasel Recon Vehicle
Construct Barracks
Riflemen Squad
Riflemen Squad
Riflemen Squad
Construct Medical Station
Selects Raiding Flares
Mechanized Support Center
Raiding Flares
Construct Motor Pool
M3 75 mm Gun Motor Carriage
Grenade Package
M1 Mortar Team
M3 75 mm Gun Motor Carriage
Engineer Squad
Riflemen Squad
M1918 Browning Automatic Rifles
AceRobby
mugirara
ILuvSilicon
Gatom
HuntingEVER
Konrad Curze
0
0
Comments
sign in to comment!
No comments posted yet!